Map: Dusk Towers

Players

puCK (Nina)

  • Race: Protoss Protoss
  • League: Grandmaster

Light (SpeCial) - Winner!

  • Race: Terran Terran
  • League: Master

VOD

Have the link to the VOD?

Description

Time

  • Played on: Dec. 4, 2015, 11:22 p.m.
  • Length: 13:36
Show
View Real Time Build Order
Export as new Build Order

puCK Protoss 

Build Orders: Nexus First, Blink Stalkers 

Get SALT Encoding   

  12  0:01  Probe (Chrono Boost)  
  13  0:11  Probe (Chrono Boost)  
  14  0:18  Pylon  
  14  0:22  Probe (Chrono Boost)  
  15  0:36  Probe (Chrono Boost)  
  16  0:47  Probe (Chrono Boost)  
  17  0:57  Nexus  
  17  1:00  Probe (Chrono Boost)  
  18  1:10  Gateway  
  18  1:13  Probe (Chrono Boost)  
  18  1:18  Assimilator  
  19  1:23  Probe (Chrono Boost)  
  20  1:26  Assimilator  
  20  1:32  Pylon  
  20  1:35  Probe (Chrono Boost)  
  21  1:46  Probe (Chrono Boost)  
  22  1:56  Probe (Chrono Boost)  
  22  1:57  Zealot (Chrono Boost)  
  22  1:58  Cybernetics Core  
  25  2:08  Probe x2 (Chrono Boost)  
  26  2:20  Probe x2 (Chrono Boost)  
  28  2:30  Probe (Chrono Boost)  
  28  2:31  Probe (Chrono Boost)  
  28  2:35  Adept (Chrono Boost), Warp Gate  
  32  2:39  Mothership Core (Chrono Boost)  
  32  2:43  Pylon  
  34  2:44  Probe (Chrono Boost)  
  35  2:56  Probe  
  35  2:58  Probe  
  36  3:04  Stalker (Chrono Boost)  
  39  3:08  Probe x2  
  41  3:15  Twilight Council  
  41  3:19  Probe, Pylon  
  41  3:20  Probe  
  43  3:29  Probe  
  43  3:31  Stalker (Chrono Boost)  
  43  3:33  Probe  
  47  3:40  Probe  
  47  3:44  Gateway  
  49  3:50  Probe, Robotics Facility  
  49  3:55  Blink (Chrono Boost)  
  48  4:03  Probe  
  48  4:04  Probe  
  47  4:14  Probe  
  47  4:16  Gateway  
  47  4:34  Probe  
  47  4:35  Probe  
  48  4:41  Pylon  
  48  4:45  Observer (Chrono Boost)  
  49  4:46  Probe  
  49  4:48  Assimilator x2  
  48  4:54  Probe  
  48  4:59  Probe  
  50  5:04  Probe  
  50  5:05  Stalker  
  50  5:06  Stalker  
  54  5:11  Probe  
  55  5:15  Probe, Warp Prism (Chrono Boost), Gateway  
  58  5:23  Probe  
  58  5:25  Probe  
  57  5:30  Stalker  
  57  5:35  Probe  
  60  5:36  Probe  
  60  5:42  Stalker  
  63  5:47  Probe  
  64  5:52  Probe, Gateway  
  64  5:53  Gateway  
  65  5:57  Pylon  
  65  6:03  Observer (Chrono Boost)  
  66  6:05  Stalker x2  
  66  6:10  Pylon  
  70  6:18  Stalker  
  66  6:33  Probe  
  66  6:35  Probe  
  68  6:45  Stalker x2  
  68  6:46  Stalker  
  75  6:47  Probe  
  75  6:58  Stalker x3  
  81  7:04  Probe x2  
  81  7:08  Nexus  
  83  7:09  Sentry  
  83  7:13  Pylon  
  85  7:16  Probe  
  85  7:19  Pylon  
  84  7:23  Sentry  
  86  7:34  Stalker x2  
  90  7:41  Stalker x2  
  90  7:42  Stalker  
  96  7:44  Resonating Glaives (Chrono Boost)  
  96  7:48  Forge  
  96  7:59  Stalker x3  
  102  8:12  Stalker  
  102  8:15  Pylon  
  102  8:18  Pylon  
  102  8:19  Forge  
  102  8:20  Pylon  
  102  8:25  Stalker x3  
  98  8:35  Sentry  
  98  8:36  Probe x2  
  98  8:37  Protoss Ground Armor Level 1 (Chrono Boost)  
  102  8:43  Probe  
  102  8:46  Probe  
  102  8:49  Probe  
  102  8:50  Stalker x2  
  97  8:56  Stalker  
  97  9:01  Stalker x2, Probe x2  
  98  9:21  Adept x2  
  98  9:29  Adept x2  
  98  9:30  Adept  
  84  9:35  Probe  
  84  9:36  Observer  
  84  9:38  Stalker x4, Probe  
  72  9:39  Probe  
  78  9:45  Stalker  
  78  9:46  Stalker  
  78  9:47  Probe  
  78  9:49  Probe  
  82  9:54  Probe  
  82  9:58  Protoss Ground Weapons Level 1 (Chrono Boost)  
  82  9:59  Probe  
  82  10:01  Probe  
  82  10:02  Stalker  
  81  10:10  Probe  
  78  10:22  Stalker x5  
  78  10:26  Probe  
  78  10:27  Probe  
  83  10:38  Observer  
  83  10:41  Photon Cannon  
  81  10:45  Photon Cannon  
  69  11:03  Observer  
  69  11:09  Stalker  
  67  11:27  Stalker x2  
  71  11:35  Stalker  
  73  11:40  Probe  
  73  11:43  Warp Prism (Chrono Boost)  
  76  11:52  Adept  
  78  11:56  Adept  
  80  12:03  Adept  
  80  12:08  Adept  
  80  12:12  Adept  
  84  12:18  Adept x2  
  61  12:38  Adept x2  
  61  12:41  Probe  
  61  12:43  Photon Cannon  
  60  12:46  Adept x2  
  60  12:47  Adept  
  60  12:58  Probe x2  
  61  12:59  Probe  
  59  13:10  Probe x2  
  59  13:11  Probe  
  54  13:22  Probe x2  
Show
View Real Time Build Order
Export as new Build Order

Light Terran - Winner!

Build Orders: 1/1/1, Liberator Opening, MMM Bio 

Get SALT Encoding   

  12  0:01  SCV  
  13  0:13  SCV  
  14  0:17  Supply Depot  
  14  0:25  SCV  
  15  0:31  Refinery  
  15  0:39  SCV  
  16  0:44  Barracks  
  16  0:51  SCV  
  17  1:03  SCV  
  18  1:15  SCV  
  19  1:32  Orbital Command, Marine  
  20  1:34  Factory  
  20  1:41  Supply Depot  
  20  1:49  Marine  
  21  1:58  SCV  
  22  2:05  Refinery  
  22  2:07  Marine  
  23  2:10  SCV  
  24  2:19  Widow Mine  
  24  2:21  Starport  
  26  2:23  SCV  
  26  2:25  Marine  
  28  2:35  SCV  
  29  2:39  Supply Depot  
  30  2:47  SCV  
  30  2:59  SCV  
  30  3:00  Widow Mine  
  30  3:01  Medivac  
  30  3:02  Supply Depot  
  30  3:03  Barracks Reactor  
  34  3:13  SCV  
  35  3:22  Liberator  
  35  3:28  Command Center  
  35  3:29  SCV  
  35  3:30  Widow Mine  
  41  3:42  Marine x2  
  41  3:44  SCV  
  44  3:56  SCV  
  44  3:59  Widow Mine  
  47  4:14  Supply Depot  
  47  4:19  Liberator  
  47  4:22  Barracks  
  47  4:25  Barracks  
  47  4:35  Widow Mine  
  47  4:36  SCV, Marine x2  
  47  4:38  Supply Depot  
  55  4:48  SCV  
  56  4:54  Marine x2  
  56  4:57  Orbital Command  
  55  5:00  SCV  
  55  5:01  Liberator  
  56  5:11  Marine x2  
  56  5:12  SCV  
  57  5:20  Barracks Tech Lab, Marine  
  57  5:24  SCV  
  56  5:29  Marine  
  56  5:30  Marine  
  56  5:34  SCV  
  59  5:36  SCV  
  59  5:38  Marine  
  59  5:39  Refinery  
  59  5:40  Marine  
  59  5:41  Stimpack, Engineering Bay  
  62  5:46  SCV  
  62  5:47  Marine  
  62  5:49  SCV  
  61  5:53  Supply Depot  
  61  5:56  Marine  
  62  5:57  Barracks Tech Lab  
  62  5:58  SCV  
  62  5:59  Marauder  
  62  6:01  SCV  
  66  6:05  Marine  
  66  6:10  SCV, Starport  
  66  6:11  Terran Infantry Weapons Level 1  
  68  6:13  SCV  
  69  6:23  Starport Reactor  
  69  6:25  Marine x2  
  69  6:26  Marauder x2  
  69  6:31  SCV x2  
  74  6:35  Refinery  
  74  6:43  SCV x2, Combat Shields  
  74  6:44  Factory Reactor  
  74  6:45  Marine x2  
  78  6:47  Medivac  
  78  6:50  Marauder  
  78  6:51  Marauder  
  83  7:00  SCV x2  
  81  7:03  Marine x2  
  82  7:11  Marauder  
  82  7:12  Marauder  
  82  7:14  Supply Depot  
  86  7:16  Barracks x2  
  82  7:24  SCV x2, Marine x2  
  82  7:27  Factory Reactor  
  82  7:28  Supply Depot  
  86  7:33  Marauder  
  86  7:35  Medivac x2  
  86  7:36  Marauder  
  91  7:43  Concussive Shells  
  89  7:45  Marine x2  
  91  7:54  Marauder  
  91  7:57  Marauder  
  91  8:03  Marine x2  
  93  8:07  Widow Mine x2, Medivac x2  
  93  8:11  Barracks Tech Lab  
  93  8:12  Barracks Reactor  
  97  8:18  Marauder x2  
  101  8:23  Command Center  
  101  8:26  Marine x2  
  91  8:37  Medivac x2  
  91  8:39  Widow Mine x2  
  99  8:42  Marauder  
  99  8:44  Marine  
  102  8:49  Marauder, Marine  
  102  8:50  Marauder  
  88  9:01  Marine  
  88  9:02  Marine x2  
  82  9:05  Marauder  
  82  9:07  Marine  
  85  9:11  Marauder  
  85  9:12  Medivac x2  
  85  9:16  Widow Mine x2  
  83  9:19  Marine  
  83  9:20  Marine  
  73  9:27  Marauder  
  66  9:35  SCV x2  
  64  9:38  Marine  
  65  9:49  Marauder, Marine  
  68  9:55  SCV  
  68  9:56  SCV  
  70  10:06  Marauder, Marine  
  72  10:10  Marine x2  
  72  10:11  Marauder  
  76  10:17  Medivac x2  
  72  10:24  Marauder  
  72  10:26  SCV  
  72  10:28  Marauder  
  75  10:31  Widow Mine x2  
  77  10:38  Orbital Command  
  77  10:41  Marine x2  
  79  10:48  Marauder x2  
  81  10:52  Marauder  
  80  10:58  SCV x2  
  80  11:00  Widow Mine x2  
  80  11:04  Orbital Command  
  84  11:06  Marine x3  
  84  11:07  Marine  
  88  11:12  SCV x2  
  88  11:18  Marine x2  
  89  11:24  Marauder  
  90  11:29  SCV x2  
  90  11:31  SCV  
  93  11:34  Widow Mine x2  
  93  11:36  Marauder x2  
  99  11:41  SCV x2  
  99  11:46  Marauder  
  101  11:47  Supply Depot  
  101  11:48  Supply Depot  
  101  11:53  Supply Depot  
  101  12:03  SCV  
  101  12:06  Marauder  
  101  12:09  Marauder, Marine x2  
  101  12:12  Widow Mine x2  
  109  12:20  SCV x3  
  107  12:24  Marauder, Marine x2  
  105  12:35  Marauder, Marine x2  
  105  12:37  SCV x2  
  103  12:38  SCV  
  103  12:41  Widow Mine x2  
  102  12:49  SCV, Marauder x2, Marine x2  
  101  12:54  Marine  
  101  12:56  Medivac x2  
  101  12:57  Marauder  
  104  12:59  SCV x2  
  104  13:03  Marine  
  107  13:07  Marine  
  107  13:10  Marauder  
  108  13:14  SCV  
  108  13:15  SCV, Supply Depot  
  108  13:16  Armory  
  108  13:19  Engineering Bay  
Tags
 
Add a new tag
Caveats
  • Supply blocks, unpowered buildings, or Contaminate may cause inaccurate times.
  • Supply counts are checked every 10 seconds.